 Dungeon Crawl Stone Soup version 0.21-a0-111-g52d2817 (webtiles) character file.

429 Svalin the Basher (level 6, -1/52 HPs)
             Began as a Minotaur Berserker on July 10, 2017.
             Was a Believer of Trog.
             Slain by a two-headed ogre
             ... wielding a +0 giant club
              (16 damage)
             ... on level 4 of the Dungeon.
             The game lasted 00:06:42 (3410 turns).

Svalin the Basher (Minotaur Berserker)              Turns: 3410, Time: 00:06:42

Health: -1/52      AC:  6    Str: 21    XL:     6   Next: 66%
Magic:  5/5        EV: 17    Int:  4    God:    Trog [**....]
Gold:   152        SH:  0    Dex: 17    Spells: 5/5 levels left

rFire    . . .     SeeInvis .   a - +1 mace
rCold    . . .     Gourm    .   (no shield)
rNeg     . . .     Faith    +   t - +1 ring mail
rPois    .         Spirit   .   (helmet restricted)
rElec    .         Reflect  .   (no cloak)
rCorr    .         Harm     .   (no gloves)
MR       .....                  (no boots)
Stlth    ++........             n - amulet of faith
HPRegen  0.17/turn              (no ring)
MPRegen  0.09/turn              (no ring)

@: agile
A: retaliatory headbutt, horns 2
a: Berserk, Trog's Hand, Burn Spellbooks, Renounce Religion


You were on level 4 of the Dungeon.
You worshipped Trog.
Trog was pleased with you.
You were not hungry.

You visited 1 branch of the dungeon, and saw 4 of its levels.

You collected 152 gold pieces.

Inventory:

Hand Weapons
 a - a +1 mace (weapon)
Armour
 b - a +0 animal skin
 k - a +0 plate armour
 t - a +1 ring mail (worn)
Jewellery
 n - an amulet of faith (around neck)
 r - an uncursed ring of magical power
Scrolls
 g - 2 scrolls of remove curse
 h - a scroll of enchant armour
 o - a scroll of immolation {unknown}
Potions
 d - 2 potions of agility
 f - a potion of lignification {unknown}
 j - a potion of cancellation {unknown}
 m - 2 potions of curing
 s - a potion of magic
Comestibles
 c - 2 bread rations
 i - 19 chunks of flesh
 l - 3 meat rations


   Skills:
 + Level 3.8 Fighting
 * Level 8.8 Maces & Flails
 + Level 3.1 Armour
 - Level 2.1 Dodging


You had 5 spell levels left.
You didn't know any spells.

Dungeon Overview and Level Annotations

Branches:
Dungeon (4/15)
 Temple: D:4-7

Altars:


Innate Abilities, Weirdness & Mutations

You reflexively headbutt those who attack you in melee.
You have a pair of horns on your head.


Message History

Press: ? - help, Shift-Dir - straight line, f/p - two-headed ogre
Aim: a two-headed ogre, wielding a giant club and a giant spiked club (lightly wounded)
You throw a javelin. The javelin hits the two-headed ogre!
The two-headed ogre is moderately wounded.
You barely miss the two-headed ogre. You headbutt the two-headed ogre.
The two-headed ogre is moderately wounded.
The two-headed ogre barely misses you.
The two-headed ogre hits you with a giant spiked club!
You hit the two-headed ogre but do no damage.
You headbutt the two-headed ogre.
The two-headed ogre is heavily wounded.
The two-headed ogre hits you with a giant club!
The two-headed ogre hits you with a giant spiked club!
* * * LOW HITPOINT WARNING * * *
Okay, then.
Okay, then.
You feel agile all of a sudden.
The two-headed ogre hits you but does no damage.
The two-headed ogre hits you with a giant spiked club!
You die...

#.....................
#.....................
#.....................
##.....##.............
#.....##.......##.#..
#.....##.......##.#..
#.....##.......##.#..
#...O.##.......##.#..
#...@.##.......##.###
#.....##.......##.#
#.....##....###...#
#######


You could see a two-headed ogre.

Vanquished Creatures
  Grinder (D:3)
  A hound (D:4)
  An orc priest (D:3)
  2 worker ants (D:3)
  3 adders (D:2)
  2 worms
  2 dart slugs
  6 orcs
  5 bats
  4 giant cockroaches
  6 goblins
  6 hobgoblins
  13 jackals
  7 frilled lizards
  11 kobolds
  7 rats
77 creatures vanquished.

Notes
Turn   | Place    | Note
-------+----------+-------------------------------------------
     0 | D:1      | Svalin the Minotaur Berserker began the quest for the Orb.
     0 | D:1      | Reached XP level 1. HP: 19/19 MP: 0/0
   192 | D:1      | Reached skill level 4 in Maces & Flails
   337 | D:1      | Reached XP level 2. HP: 25/26 MP: 1/1
   767 | D:1      | Reached skill level 5 in Maces & Flails
   926 | D:1      | Reached XP level 3. HP: 29/31 MP: 2/2
  1097 | D:2      | Reached ** piety under Trog
  1466 | D:2      | Reached XP level 4. HP: 39/39 MP: 3/3
  1510 | D:2      | Reached skill level 6 in Maces & Flails
  2511 | D:3      | Noticed Grinder
  2523 | D:3      | Killed Grinder
  2523 | D:3      | Reached skill level 8 in Maces & Flails
  2523 | D:3      | Reached XP level 5. HP: 22/45 MP: 4/4
  2523 | D:3      | Reached XP level 6. HP: 25/51 MP: 5/5
  3377 | D:4      | Noticed a two-headed ogre
  3410 | D:4      | Slain by a two-headed ogre

Vault maps used:
D:1:      shiori_arrival_maze
D:2:      first_bread
D:3:      uniq_grinder
D:4:      minmay_temple_entry_large_hall, serial_shops, shop

Skill      XL: |  1  2  3  4  5  6 |
---------------+-------------------+-----
Maces & Flails | 4 5 8 |  8.8
Armour         | 3 |  3.1
Fighting       | |  3.8
Dodging        | |  2.1

Action                   |  1- 3 |  4- 6 || total
-------------------------+-------+-------++-------
Melee: Mace              |    84 |    84 ||   168
       Headbutt          |    10 |    19 ||    29
Throw: Javelin           |     2 |     5 ||     7
  Use: Scroll            |       |    11 ||    11
       Potion            |       |     1 ||     1
  Eat: Chunk             |     2 |     6 ||     8
Armor: Animal skin       |     7 |       ||     7
       Ring mail         |       |    33 ||    33
Dodge: Dodged            |    46 |    41 ||    87
